 Seeded DCSS version 0.28-a0-1117-g0bdd5ba030 (webtiles) character file.

Game seed: 20211212 (custom seed)

539 a11behringer the Chopper (level 7, -1/85 HPs)
             Began as a Palentonga Berserker on Dec 12, 2021.
             Was a Believer of Trog.
             Slain by a scorpion (8 damage)
             ... on level 4 of the Dungeon.
             The game lasted 00:10:07 (4385 turns).

a11behringer the Chopper (Palentonga Berserker)     Turns: 4385, Time: 00:10:08

Health: -1/85      AC: 14    Str: 23    XL:     7   Next: 5%
Magic:  7/7        EV: 10    Int:  7    God:    Trog [**....]
Gold:   193        SH:  0    Dex:  9    Spells: 6/6 levels left

rFire   . . .      SeeInvis +   a - +0 hand axe
rCold   + + .      Faith    .   (no shield)
rNeg    . . .      Spirit   .   k - +2 robe {rC+}
rPois   .          Reflect  .   (no helmet)
rElec   .          Harm     .   (no cloak)
rCorr   .          Rampage  .   l - +0 pair of gloves
Will    ++...                   (no barding)
Stlth   ..........              (no amulet)
HPRegen 1.24/turn               g - ring of protection from cold
MPRegen 0.10/turn               (no ring)

@: berserking, lethally poisoned (-1 -> -17), strong-willed, regenerating,
curled up, very quick
A: large, rugged brown scales 3, see invisible, deformed body, roll 1, armoured
tail, reflexive curl
a: Rolling Charge, Renounce Religion, Berserk, Trog's Hand


You were on level 4 of the Dungeon.
You worshipped Trog.
Trog was pleased with you.
You visited 1 branch of the dungeon, and saw 4 of its levels.
You also visited: Sewer.

You collected 193 gold pieces.

Inventory:

Hand Weapons
 a - a +0 hand axe (weapon)
Armour
 b - a +0 animal skin
 k - a +2 robe of cold resistance (worn)
 l - a +0 pair of gloves (worn)
 t - a +0 chain mail
Jewellery
 g - a ring of protection from cold (left hand)
Wands
 c - a wand of iceblast (10)
 j - a wand of flame (23)
 r - a wand of polymorph (9)
Scrolls
 d - a scroll of acquirement
 f - a scroll of fear {unknown}
 n - a scroll of blinking
 o - 2 scrolls of fog
 p - a scroll of enchant weapon
 s - a scroll of teleportation {unknown}
Potions
 e - a potion of mutation
 h - a potion of heal wounds {unknown}
 i - 3 potions of cancellation
 m - 2 potions of brilliance
 q - a potion of ambrosia {unknown}


   Skills:
 + Level 4.0 Fighting
 * Level 6.7 Axes
 + Level 1.6 Armour
 + Level 2.8 Dodging
 - Level 1.0 Stealth


You had 6 spell levels left.
You didn't know any spells.
Your spell library was empty.

Dungeon Overview and Level Annotations

Branches:
Dungeon (4/15)              Sewer (visited)
 Temple: D:4-7

Altars:

Shops:
D:2 *


Innate Abilities, Weirdness & Mutations

You are completely covered in rugged brown scales. (AC +3, +7% HP)
You have supernaturally acute eyesight. (SInv)
Armour fits poorly on your strangely shaped body.
You can roll at nearby foes to attack.
You have a long armoured tail.
You curl defensively after being hit. (AC +7*)


Message History

You hit the scorpion but do no damage.
The scorpion is moderately wounded.
You feel sick. The scorpion stings you.
You are more poisoned.
The scorpion poisons you!
You barely miss the scorpion.
The scorpion is moderately wounded.
You feel very sick. The scorpion stings you.
You are lethally poisoned!
The scorpion poisons you!
You are too injured to fight recklessly!
Your skin crawls.
You feel strong-willed.
You feel very sick. The scorpion closely misses you.
A red film seems to cover your vision as you go berserk!
You feel yourself moving faster!
You feel mighty!
You feel very sick.
The scorpion stings you but does no damage.
You hit the scorpion.
The scorpion is heavily wounded.
You feel very sick. The scorpion stings you.
* * * LOW HITPOINT WARNING * * *
You are more poisoned.
The scorpion poisons you!
You hit the scorpion but do no damage.
The scorpion is heavily wounded.
You feel very sick. The scorpion stings you.
* * * LOW HITPOINT WARNING * * *
You are lethally poisoned!
The scorpion poisons you!
You hit the scorpion.
Your tail-slap misses the scorpion.
The scorpion is almost dead.
* * * LOW HITPOINT WARNING * * *
You feel very sick. The scorpion stings you!
You die...

.. #####.###
##...#...
....... .....
... #s#
########.
#@###........
#...#........
+...#........
#...'.......#
##
#...#.......#
..
#######.......#
..
..............#
..
..............#
..
..............#
>.


You could see a scorpion.

Vanquished Creatures
  Sigmund (D:2)
  2 kobold brigands (Sewer)
  A scorpion (D:4)
  A hound (D:4)
  Ijyb (D:3)
  6 adders
  5 worms
  A dart slug (D:2)
  2 bats (D:2)
  12 endoplasms
  3 giant cockroaches
  5 goblins
  5 hobgoblins
  2 jackals (D:4)
  9 kobolds
  8 ball pythons
  A frilled lizard (D:1)
  8 rats
73 creatures vanquished.

Vanquished Creatures (others)
  4 fungi (D:3)
4 creatures vanquished.

Grand Total: 77 creatures vanquished

Notes
Turn   | Place    | Note
-------+----------+-------------------------------------------
     0 | D:1      | a11behringer the Palentonga Berserker began the quest for
                  | the Orb.
     0 | D:1      | Reached XP level 1. HP: 19/19 MP: 1/1
   182 | D:1      | Reached XP level 2. HP: 22/25 MP: 2/2
  1122 | D:2      | Reached XP level 3. HP: 31/31 MP: 3/3
  1362 | D:2      | Reached ** piety under Trog
  1378 | D:2      | Found Ruywnya's Assorted Antiques.
  1426 | D:2      | Noticed Sigmund
  1436 | D:2      | Killed Sigmund
  1437 | D:2      | Reached skill level 5 in Axes
  1437 | D:2      | Reached XP level 4. HP: 30/37 MP: 4/4
  1437 | D:2      | Reached XP level 5. HP: 35/43 MP: 5/5
  1999 | D:3      | Found a faded altar of an unknown god.
  2093 | D:3      | Identified a scroll of acquirement
  2200 | D:3      | Found a glowing drain.
  2215 | Sewer    | Entered a sewer
  2828 | Sewer    | Reached skill level 1 in Stealth
  2828 | Sewer    | Reached XP level 6. HP: 10/51 MP: 6/6
  2831 | Sewer    | Reached skill level 6 in Axes
  3553 | D:3      | Noticed Ijyb
  3561 | D:3      | Killed Ijyb
  3880 | D:4      | Reached *** piety under Trog
  4098 | D:4      | Gained mutation: You curl defensively after being hit. (AC
                  | +7*) [Palentonga growth]
  4098 | D:4      | Reached XP level 7. HP: 26/57 MP: 7/7
  4385 | D:4      | Slain by a scorpion

Illustrated notes

Levels and vault maps discovered:
D:1:      saegor_arrival_simple_c, layout_loops_cross, serial_bayou_pond_e,
          minmay_split_cup_small
D:2:      layout_loops_ring, serial_shops, shop, minivault_27,
          grunt_ministairs_10, amcnicky_mini_pool_small, uniq_sigmund
D:3:      layout_basic, shapermc_ecumenical_altar_hornbeckon,
          cheibrodos_sewer_entry_bend, uniq_ijyb
D:4:      layout_gridville, serial_shops, shop, minmay_crossroads, uniq_pikel

Skill      XL: |  1  2  3  4  5  6 |
---------------+-------------------+-----
Axes           | 5 6 |  6.7
Dodging        | 2 |  2.8
Stealth        | 1 |  1.0
Fighting       | 4 |  4.0
Armour         | |  1.6

Action                   |  1- 3 |  4- 6 |  7- 9 || total
-------------------------+-------+-------+-------++-------
Melee: Hand axe          |    90 |   155 |    15 ||   260
       Tailslap          |     5 |    21 |     1 ||    27
       Unarmed           |       |     1 |       ||     1
Invok: Berserk           |     1 |     3 |     1 ||     5
       Trog's Hand       |       |       |     1 ||     1
 Abil: Rolling Charge    |       |     2 |       ||     2
  Use: Scroll            |       |     9 |       ||     9
 Stab: Sleeping          |     3 |       |       ||     3
Armor: Animal skin       |    32 |       |       ||    32
       Robe              |       |    58 |     2 ||    60
Dodge: Dodged            |    46 |    58 |     7 ||   111

Table legend: (Time is in decaauts)
 A = Elapsed time spent in this place.
 B = Non-inter-level travel time spent in this place.
 C = Inter-level travel time spent in this place.
 D = Time resting spent in this place.
 E = Time spent auto-exploring this place.
 F = Levels seen in this place.
 G = Mean time per level.
                   A        B        C        D        E       F      G
               +--------+--------+--------+--------+--------+-----+--------+
         Total |   4530 |   4239 |    291 |    166 |   3442 |   5 |  906.0 |
       Dungeon |   3424 |   3133 |    291 |      0 |   2658 |   4 |  856.0 |
         Sewer |   1106 |   1106 |      0 |    166 |    783 |   1 | 1106.0 |
               +--------+--------+--------+--------+--------+-----+--------+

Top non-repeatable levels by time:
   Sewer: 1106 daAuts
     D:1: 1081 daAuts
     D:2: 878 daAuts
     D:4: 746 daAuts
     D:3: 717 daAuts
